[Event "*** Titled Tuesday Blitz"]
[Site "Chess.com"]
[Date "2020.04.14"]
[Round "2"]
[White "Riazantsev"]
[Black "joksijoksi"]
[Result "1-0"]
[WhiteElo "2631"]
[BlackElo "2309"]
[TimeControl "180+1"]
[EndTime "10:15:13 PDT"]
[Termination "Riazantsev won by resignation"]

1. Nf3 Nf6 2. g3 g6 3. Bg2 Bg7 4. O-O O-O 5. d4 d6 6. b3 Nbd7 7. Bb2 c6 8. c4 Qc7 9. Nc3 e5 10. e3 Re8 11. b4 a5 12. b5 c5 13. dxe5 Nxe5 14. Nxe5 dxe5 15. h3 Be6 16. Qe2 Nd7 17. Nd5 Bxd5 18. Bxd5 Nb6 19. e4 Rad8 20. a4 Nxd5 21.
cxd5 b6 22. Kg2 c4 23. Rac1 Rc8 24. Rc2 Qc5 25. Rfc1 Qb4 26. Rxc4 Rxc4 27. Rxc4 Qb3 28. Qc2 Qxc2 29. Rxc2 Bf8 30. Rc6 Bc5 31. Bc3 Ra8 32. Bxe5 Re8 33. Bf6 Rxe4 34. Rc8+ Bf8 35. d6 1-0

[Event "*** Titled Tuesday Blitz"]
[Site "Chess.com"]
[Date "2020.04.14"]
[Round "2"]
[White "Halvard"]
[Black "sergeikim"]
[Result "1-0"]
[WhiteElo "2094"]
[BlackElo "2376"]
[TimeControl "180+1"]
[EndTime "10:15:14 PDT"]
[Termination "Halvard won by resignation"]

1. e4 e5 2. f4 Bc5 3. Nf3 d6 4. Bc4 Nc6 5. d3 Nf6 6. Nc3 Bg4 7. Na4 Bb6 8. Nxb6 axb6 9. h3 Bxf3 10. Qxf3 Nd4 11.
Qg3 O-O 12. Bb3 Nxb3 13. cxb3 Nh5 14. Qf2 Nxf4 15. Bxf4 exf4 16. Qxf4 d5 17. e5 d4 18. O-O Ra5 19. a3 Qd5 20. Rae1 Raa8 21. b4 c5 22. Re4 Rae8 23. Qg5 f6 24. exf6 1-0

[Event "*** Titled Tuesday Blitz"]
[Site "Chess.com"]
[Date "2020.04.14"]
[Round "2"]
[White "Tall-guy"]
[Black "garicradomir"]
[Result "0-1"]
[WhiteElo "2052"]
[BlackElo "2386"]
[TimeControl "180+1"]
[EndTime "10:15:14 PDT"]
[Termination "garicradomir won by resignation"]

1. e4 c5 2. Nf3 Nc6 3. Bb5 g6 4.
Bxc6 bxc6 5. O-O Bg7 6. Re1 Qc7 7. c3 d6 8. d4 cxd4 9. cxd4 Bg4 10. Be3 Nf6 11. Nc3 O-O 12. h3 Bxf3 13. Qxf3 Rab8 14. Re2 Nd7 15. h4 c5 16. Rd1 cxd4 17. Bxd4 Ne5 18. Bxe5 Bxe5 19. Nd5 Qb7 20. h5 Kg7 21. Qh3 e6 22.
h6+ Kg8 23. Ne3 Qa6 24. Rde1 Qxa2 25. Ng4 Rxb2 26. Rxb2 Qxb2 27. Qd3 Rc8 28. Re2 Rc1+ 0-1

[Event "*** Titled Tuesday Blitz"]
[Site "Chess.com"]
[Date "2020.04.14"]
[Round "2"]
[White "Semen_Khanin"]
[Black "SHIVACalypso"]
[Result "1-0"]
[WhiteElo "2613"]
[BlackElo "2248"]
[TimeControl "180+1"]
[EndTime "10:15:15 PDT"]
[Termination "Semen_Khanin won by resignation"]

1. e4 e6 2. d4 d5 3. e5 c5 4. c3 Nc6 5. Nf3 Qb6 6. Na3 cxd4 7. cxd4 Bxa3 8. bxa3 Nge7 9. Bd3 Nf5 10. Rb1 Qa5+ 11. Bd2 Qxa3 12. Rb3 Qe7 13. Bxf5 exf5 14. O-O O-O 15.
Re1 Be6 16. Bg5 Qd7 17. Qd2 b6 18. Qf4 Rfc8 19. Qh4 Qe8 20. Bf6 Qf8 21. Ng5 h6 22. Rg3 Ne7 23. Nxe6 fxe6 24. Bxe7 1-0

[Event "*** Titled Tuesday Blitz"]
[Site "Chess.com"]
[Date "2020.04.14"]
[Round "2"]
[White "FelixJoseYnojosa"]
[Black "Ariadna_Atreides"]
[Result "1-0"]
[WhiteElo "2630"]
[BlackElo "2018"]
[TimeControl "180+1"]
[EndTime "10:15:18 PDT"]
[Termination "FelixJoseYnojosa won on time"]

1. c4 Nf6 2. Nc3 e6 3. e4 d5 4. e5 d4 5. exf6 dxc3 6. bxc3 Qxf6 7. d4 Be7 8. Nf3 h6 9. Bd3 O-O 10. O-O c5 11. Be3 Nc6 12. Be4 Rd8 13. Qe2 Bd7 14.
Rfd1 Be8 15. Rd2 Rac8 16. Rad1 cxd4 17. cxd4 Bd6 18. Bb1 Bb8 19. Qd3 Kf8 20. Qh7 b6 21. d5 Ne5 22. Nxe5 Qxe5 23. g3 exd5 24. cxd5 Rd6 25.
Bf4 Qf6 26. Re1 g5 27. Be5 1-0

[Event "*** Titled Tuesday Blitz"]
[Site "Chess.com"]
[Date "2020.04.14"]
[Round "2"]
[White "jerry_77"]
[Black "Chess2019Player"]
[Result "1-0"]
[WhiteElo "2446"]
[BlackElo "2184"]
[TimeControl "180+1"]
[EndTime "10:15:18 PDT"]
[Termination "jerry_77 won on time"]

1. e4 e6 2. Nf3 d5 3. Nc3 Nf6 4. e5 Nfd7 5. d4 c5 6. Ne2 Nc6 7. c3 Be7 8. Nf4 Qb6 9. a3 cxd4 10. cxd4 h5 11. h4 g6 12. Be2 Qd8 13. g3 b6 14.
Be3 Bb7 15. Rc1 Rc8 16. O-O Na5 17. Nd2 Bxh4 18. gxh4 Qxh4 19. Ng2 Qe7 20. Rxc8+ Bxc8 21. b4 Nc6 22. Bb5 Bb7 23. Qa4 Ndb8 24. Rc1 Qd7 25. Be2 O-O 26. Bh6 Rd8 27. Nf3 Nxe5 28. Qb3 Nc4 29.
Bxc4 dxc4 30. Qe3 b5 31. Qe5 1-0

[Event "*** Titled Tuesday Blitz"]
[Site "Chess.com"]
[Date "2020.04.14"]
[Round "2"]
[White "Shivagami"]
[Black "ChessFunMaker"]
[Result "0-1"]
[WhiteElo "2123"]
[BlackElo "2407"]
[TimeControl "180+1"]
[EndTime "10:15:18 PDT"]
[Termination "ChessFunMaker won by resignation"]

1. d4 Nf6 2. Bf4 g6 3. e3 d5 4.
Nf3 Bg7 5. Be2 c5 6. c3 Nc6 7.
O-O Nd7 8. c4 dxc4 9. Bxc4 cxd4 10. exd4 O-O 11. Bb3 Nb6 12. d5 Bxb2 13. dxc6 Qxd1 14.
Rxd1 Bxa1 15. Ne5 Bxe5 16. Bxe5 bxc6 17. Nc3 Bf5 18. f3 Rfd8 19. Bd4 Rd7 20. g4 Be6 0-1

[Event "*** Titled Tuesday Blitz"]
[Site "Chess.com"]
[Date "2020.04.14"]
[Round "2"]
[White "Kaua18"]
[Black "IMRosen"]
[Result "0-1"]
[WhiteElo "2268"]
[BlackElo "2508"]
[TimeControl "180+1"]
[EndTime "10:15:19 PDT"]
[Termination "IMRosen won by resignation"]

1. e4 c5 2. Nf3 e6 3. d4 cxd4 4. Nxd4 Nc6 5. Nc3 Qc7 6. Be2 a6 7. O-O Nf6 8. Be3 Bb4 9. Nxc6 bxc6 10. Na4 O-O 11. a3 Bd6 12. Bb6 Bxh2+ 13. Kh1 Qf4 14.
g3 Qxe4+ 15. Kxh2 Qxa4 16. Bd4 Re8 17. b3 Qa5 18. Re1 e5 19. Bb2 d5 20. b4 Qc7 21.
Bf3 Bf5 22. c4 d4 23. g4 e4+ 24. Kg1 exf3 25. gxf5 Rxe1+ 26. Qxe1 Qf4 27. Qf1 Qg4+ 28. Kh1 Qh4+ 29. Kg1 Ng4 0-1

[Event "*** Titled Tuesday Blitz"]
[Site "Chess.com"]
[Date "2020.04.14"]
[Round "2"]
[White "Andro2"]
[Black "HElissalt"]
[Result "1-0"]
[WhiteElo "2421"]
[BlackElo "2136"]
[TimeControl "180+1"]
[EndTime "10:15:20 PDT"]
[Termination "Andro2 won by resignation"]

1. e4 c5 2. Nf3 e6 3. d4 cxd4 4. Nxd4 Nf6 5. Nc3 Bb4 6. Bd3 d5 7. e5 Ne4 8. Bxe4 dxe4 9. O-O Bxc3 10. bxc3 O-O 11. Qg4 Kh8 12. Ba3 Re8 13. Qxe4 Nd7 14. Rad1 Qa5 15. Bd6 Nc5 16. Qf4 Bd7 17. Qxf7 Bc6 18.
Rfe1 Ne4 19. Nxc6 Nxd6 20. Qxe8+ 1-0

[Event "*** Titled Tuesday Blitz"]
[Site "Chess.com"]
[Date "2020.04.14"]
[Round "2"]
[White "VALPARAISO37"]
[Black "Casper_Schoppen"]
[Result "0-1"]
[WhiteElo "2357"]
[BlackElo "2993"]
[TimeControl "180+1"]
[EndTime "10:15:21 PDT"]
[Termination "Casper_Schoppen won by checkmate"]

1. d4 Nf6 2. c4 e6 3. Nc3 Bb4 4. a3 Bxc3+ 5. bxc3 b6 6. e3 Nc6 7. Bd3 Ba6 8. Nf3 Na5 9. Qe2 d5 10. cxd5 Bxd3 11. Qxd3 exd5 12. a4 O-O 13. O-O Ne4 14.
Ba3 Re8 15. Ne5 f6 16. Nf3 Nc4 17. Bc1 a5 18. Nd2 Nexd2 19. Bxd2 Qd7 20. h3 Re7 21. Bc1 Rae8 22. Kh2 c6 23. Kg1 Qd6 24. Kh1 g6 25.
Kg1 f5 26. Kh1 b5 27. axb5 cxb5 28. Kg1 a4 29. Kh1 Ra7 30. Kg1 a3 31. Rb1 a2 32.
Ra1 b4 33. cxb4 Qxb4 34. Qc2 Qa4 35. Qc3 Rb8 36. Bd2 Rb3 37. Qc2 Rb2 38. Qxa4 Rxa4 39.
Bc3 Rc2 40. Rac1 Rxc1 41. Rxc1 Ra3 42. Ba1 Rb3 43. Kf1 Rb1 44. Re1 Na3 45. Bc3 Nc2 46.
Ke2 Nxe1 47. Kd2 Nxg2 48. e4 fxe4 49. f3 exf3 50. h4 f2 51. h5 f1=Q 52. h6 Qd1# 0-1

[Event "*** Titled Tuesday Blitz"]
[Site "Chess.com"]
[Date "2020.04.14"]
[Round "2"]
[White "anon132639"]
[Black "ristingho"]
[Result "1-0"]
[WhiteElo "2708"]
[BlackElo "2464"]
[TimeControl "180+1"]
[EndTime "10:15:24 PDT"]
[Termination "anon132639 won by resignation"]

1. d4 Nf6 2. Nf3 e6 3. c4 d5 4.
g3 dxc4 5. Bg2 Bb4+ 6. Bd2 c5 7. O-O Nc6 8. dxc5 Bxc5 9. Qc2 O-O 10. Bg5 Be7 11.
Na3 h6 12. Rfd1 Qb6 13. Nxc4 Qa6 14. Bh4 b5 15. Nce5 Nb4 16. Qb1 Nbd5 17. e4 Nb4 18. a3 Nc6 19. Nxc6 Qxc6 20. e5 Nd5 21. Bxe7 Nxe7 22. Ng5 1-0

[Event "*** Titled Tuesday Blitz"]
[Site "Chess.com"]
[Date "2020.04.14"]
[Round "2"]
[White "TengisChess"]
[Black "Bastiandash"]
[Result "1-0"]
[WhiteElo "2385"]
[BlackElo "2049"]
[TimeControl "180+1"]
[EndTime "10:15:24 PDT"]
[Termination "TengisChess won by resignation"]

1. c4 Nf6 2. Nc3 e6 3. Nf3 d5 4.
g3 dxc4 5. Bg2 c6 6. O-O Be7 7.
a4 O-O 8. a5 Nd5 9. Qa4 b5 10.
axb6 Nxb6 11. Qc2 Bb7 12. b3 cxb3 13. Qxb3 c5 14. Qb1 g6 15. d3 N8d7 16. Bh6 Re8 17. Rc1 Bf6 18. Ra2 Bg7 19. Bxg7 Kxg7 20. Nb5 Qb8 21. Qb2+ Nf6 22. g4 h6 23. h4 e5 24.
g5 hxg5 25. hxg5 Nh5 26. Rxc5 Nf4 27. Nxe5 Kg8 28. e4 Nxg2 29. Kxg2 Qd8 30. Ng4 Qd7 31. Nf6+ 1-0

[Event "*** Titled Tuesday Blitz"]
[Site "Chess.com"]
[Date "2020.04.14"]
[Round "2"]
[White "HanSchut"]
[Black "Medvezhlo"]
[Result "1-0"]
[WhiteElo "2227"]
[BlackElo "2457"]
[TimeControl "180+1"]
[EndTime "10:15:25 PDT"]
[Termination "HanSchut won by resignation"]

1. e4 c5 2. Nf3 g6 3. d4 cxd4 4. Nxd4 Bg7 5. c4 Nc6 6. Be3 Nf6 7. Nc3 O-O 8. Be2 b6 9. Qd2 Bb7 10. f3 e6 11. O-O d5 12. cxd5 exd5 13. Nxc6 Bxc6 14. e5 Ne8 15. Bd4 f6 16. exf6 Bxf6 17. Rfd1 Nc7 18. Rac1 Qe8 19. Re1 Qf7 20. Bxf6 Qxf6 21.
Nb5 Nxb5 22. Bxb5 Bb7 23. Rc7 Rab8 24. Ree7 a6 25. Qh6 Qd4+ 26. Kf1 Qd1+ 27. Kf2 Qd4+ 28.
Kg3 Rf5 29. Qxh7+ Kf8 30. Rf7+ 1-0

[Event "*** Titled Tuesday Blitz"]
[Site "Chess.com"]
[Date "2020.04.14"]
[Round "2"]
[White "Ginger_GM"]
[Black "GadimbayliA"]
[Result "0-1"]
[WhiteElo "2592"]
[BlackElo "2891"]
[TimeControl "180+1"]
[EndTime "10:15:26 PDT"]
[Termination "GadimbayliA won by resignation"]

1. d4 d5 2. c4 e5 3. dxe5 d4 4. e4 Nc6 5. f4 f6 6. Bd3 fxe5 7.
f5 Nf6 8. a3 g6 9. fxg6 hxg6 10.
Nf3 Bg7 11. O-O Ng4 12. Ng5 Nxh2 13. Nf7 Qh4 14. Bg5 Qg3 15. Nxh8 Ng4 16. Rf3 Qh2+ 17. Kf1 Qh1+ 18. Ke2 Qxg2+ 19. Ke1 Ne3 20. Qe2 Qg1+ 21. Kd2 Qxg5 22. Nf7 Nxc4+ 23. Kc2 Ne3+ 24. Rxe3 Qxe3 25. Qxe3 dxe3 26. Ng5 Nd4+ 27. Kd1 Bg4+ 28. Ke1 Nb3 29. Ra2 Nc1 0-1

[Event "*** Titled Tuesday Blitz"]
[Site "Chess.com"]
[Date "2020.04.14"]
[Round "2"]
[White "djano"]
[Black "chiwii"]
[Result "1-0"]
[WhiteElo "2487"]
[BlackElo "2231"]
[TimeControl "180+1"]
[EndTime "10:15:26 PDT"]
[Termination "djano won by checkmate"]

1. d4 Nf6 2. Nf3 g6 3. c4 Bg7 4. g3 O-O 5. Bg2 d6 6. O-O Nbd7 7. Nc3 c6 8. b3 Qc7 9. Bb2 e5 10. e3 Re8 11. Rc1 exd4 12. Nxd4 Ne5 13. h3 Bd7 14. f4 Neg4 15. hxg4 Nxg4 16. Nc2 Nxe3 17. Nxe3 Rxe3 18. Rf3 Bg4 19. Qf1 Bxf3 20. Bxf3 Rae8 21. Kg2 Qb6 22. Na4 Qc7 23. Bxg7 Kxg7 24. Rc2 Qe7 25. Nc3 f5 26. Qd1 h5 27. Qd4+ Kh7 28. Re2 Rxe2+ 29. Nxe2 Qe3 30. Qf6 Qd2 31. Qf7+ Kh6 32. Qxe8 Qxa2 33.
Qh8# 1-0

[Event "*** Titled Tuesday Blitz"]
[Site "Chess.com"]
[Date "2020.04.14"]
[Round "2"]
[White "TheCount"]
[Black "Nitzan_Steinberg"]
[Result "0-1"]
[WhiteElo "2594"]
[BlackElo "2895"]
[TimeControl "180+1"]
[EndTime "10:15:27 PDT"]
[Termination "Nitzan_Steinberg won by resignation"]

1. d4 d5 2. c4 c6 3. cxd5 cxd5 4. Bf4 Nc6 5. e3 Nf6 6. Nc3 Bf5 7. Qb3 Na5 8. Qa4+ Bd7 9. Qc2 Rc8 10. Bd3 e6 11.
Nf3 Bb4 12. O-O O-O 13. Ne5 h6 14. Rac1 Qe7 15. h3 Rfd8 16. Qe2 Be8 17. g4 Nd7 18. Kh1 Nxe5 19. Bxe5 Nc4 20. Bf4 b5 21. Rg1 e5 22.
dxe5 d4 23. Nxb5 Bxb5 24. Bxc4 Rxc4 25. Rxc4 d3 0-1

[Event "*** Titled Tuesday Blitz"]
[Site "Chess.com"]
[Date "2020.04.14"]
[Round "2"]
[White "Zmof"]
[Black "talman67"]
[Result "0-1"]
[WhiteElo "2295"]
[BlackElo "2560"]
[TimeControl "180+1"]
[EndTime "10:15:27 PDT"]
[Termination "talman67 won by resignation"]

1. e4 c5 2. Nf3 d6 3. Bb5+ Nd7 4.
c3 a6 5. Ba4 b5 6. Bc2 Bb7 7.
O-O Ngf6 8. Qe2 Rc8 9. Rd1 Qc7 10. Na3 e5 11. d3 Be7 12. h3 O-O 13. Be3 Rfe8 14. Rac1 Bf8 15. Bg5 h6 16. Bh4 d5 17.
Bxf6 Nxf6 18. Nb1 c4 19. Nbd2 cxd3 20. Bxd3 dxe4 21. Nxe4 Nd5 22. g3 Rcd8 23. Bb1 f5 24.
Ned2 e4 25. Nd4 e3 26. N2f3 f4 27. Qc2 exf2+ 28. Kxf2 fxg3+ 29. Kg1 Nf6 30. a3 Bc5 31.
Ba2+ Kh8 32. Nh4 Be4 33. Qd2 g5 34. Re1 gxh4 35. Rxe4 Nxe4 36. Qxh6+ Qh7 37. Qf4 Bd6 38. Qg4 Nf2 39. Qg5 Nxh3+ 0-1

[Event "*** Titled Tuesday Blitz"]
[Site "Chess.com"]
[Date "2020.04.14"]
[Round "2"]
[White "LawrenceTrent"]
[Black "TheoSlade"]
[Result "1-0"]
[WhiteElo "2511"]
[BlackElo "2267"]
[TimeControl "180+1"]
[EndTime "10:15:27 PDT"]
[Termination "LawrenceTrent won by checkmate"]

1. d4 Nf6 2. Nc3 d5 3. Bf4 e6 4. e3 Bb4 5. g4 c5 6. Ne2 O-O 7. a3 Ba5 8. g5 Ne4 9. dxc5 Bxc3+ 10. Nxc3 Nxc3 11. bxc3 Qa5 12. Qd2 Nc6 13. c4 Qxc5 14. cxd5 exd5 15. Bd3 Re8 16. h4 Ne5 17. Bxe5 Rxe5 18. Qb4 Qc7 19. O-O-O Bd7 20. Rde1 a5 21. Qd4 Rc8 22. f4 Re6 23. h5 Bb5 24. h6 Bxd3 25. Qxg7# 1-0

[Event "*** Titled Tuesday Blitz"]
[Site "Chess.com"]
[Date "2020.04.14"]
[Round "2"]
[White "Tiqr777"]
[Black "Ceejay271"]
[Result "1-0"]
[WhiteElo "2645"]
[BlackElo "2313"]
[TimeControl "180+1"]
[EndTime "10:15:28 PDT"]
[Termination "Tiqr777 won by resignation"]

1. d4 Nf6 2. Nf3 d5 3. Bg5 Ne4 4. Bh4 c5 5. c3 Nc6 6. e3 Qb6 7.
Qb3 c4 8. Qxb6 axb6 9. Nbd2 Nxd2 10. Kxd2 b5 11. a3 b4 12. cxb4 Nxb4 13. Be2 Nc6 14.
Rhb1 Bf5 15. Rc1 e6 16. Bg3 b5 17. Ne5 Nxe5 18. Bxe5 f6 19. Bg3 Be7 20. Bd1 Kf7 21. Bc2 Bxc2 22. Kxc2 b4 23. axb4 Bxb4 24. Rcb1 Rhc8 25.
b3 cxb3+ 26. Kxb3 Be7 27. Rxa8 Rxa8 28. Kc2 Ra2+ 29. Rb2 Rxb2+ 30. Kxb2 Ke8 31. Kc2 Kd7 32. Kd3 f5 33. Be5 g6 34. f3 Kc6 35. g4 fxg4 36.
fxg4 Kb5 37. e4 Kb4 38. h3 Kb3 39. exd5 exd5 40. Bg3 Kb2 41. Bf4 Bf6 42. Be3 Kb3 43.
Bf4 Be7 44. Be3 Ba3 45. Bf4 Kb2 46. Bd2 Kb1 47. Bf4 Bc1 48. Bxc1 Kxc1 49. Kc3 Kd1 50. Kb4 Ke2 51. Kc5 1-0

[Event "*** Titled Tuesday Blitz"]
[Site "Chess.com"]
[Date "2020.04.14"]
[Round "2"]
[White "krzyzan94"]
[Black "jmduque"]
[Result "1-0"]
[WhiteElo "2680"]
[BlackElo "2381"]
[TimeControl "180+1"]
[EndTime "10:15:31 PDT"]
[Termination "krzyzan94 won by resignation"]

1. d4 Nf6 2. Nf3 b6 3. g3 Bb7 4. Bg2 g6 5. O-O Bg7 6. c4 O-O 7. Nc3 Ne4 8. Qc2 Nxc3 9. bxc3 Nc6 10. Rb1 Na5 11. c5 Ba6 12. h4 d6 13. cxd6 cxd6 14.
h5 Rc8 15. hxg6 hxg6 16. Re1 Qc7 17. Qe4 Bb7 18. Qh4 Bxf3 19. Bxf3 Qxc3 20. Bb2 Qc4 21.
Kg2 Qxa2 22. Rh1 Rfd8 23. Bc1 Qxb1 24. Qh7+ Kf8 25. Bh6 Qxh1+ 26. Kxh1 Rc1+ 27. Bxc1 Bf6 28. Bg5 Ke8 29. Bxf6 exf6 30. Bd5 Rd7 31. Qg8+ Ke7 32. Qxf7+ Kd8 33. Qxf6+ Kc7 34. Qxg6 b5 35. f4 b4 36. f5 b3 37. f6 b2 38. f7 b1=Q+ 39. Qxb1 1-0

[Event "*** Titled Tuesday Blitz"]
[Site "Chess.com"]
[Date "2020.04.14"]
[Round "2"]
[White "Luibov_AN"]
[Black "Andrei_Belozerov"]
[Result "0-1"]
[WhiteElo "2179"]
[BlackElo "2645"]
[TimeControl "180+1"]
[EndTime "10:15:31 PDT"]
[Termination "Andrei_Belozerov won by resignation"]

1. d4 d5 2. Nf3 Nf6 3. c4 c6 4. Nc3 dxc4 5. a4 Bf5 6. e3 e6 7. Bxc4 Bb4 8. O-O Nbd7 9. Qb3 a5 10. h3 O-O 11. Rd1 h6 12. Bd2 Qe7 13. Ne5 Nxe5 14. dxe5 Nd7 15. f4 Nc5 16. Qa2 Rfd8 17. Be1 Bc2 18.
Rdc1 Bd3 19. Rd1 Rd7 20. Bxd3 Nxd3 21. Qb3 Rad8 22. Bg3 Qc5 23. Bf2 Nxf2 24. Kxf2 Rd2+ 25. Kf3 R8d3 26. Re1 Bxc3 27. bxc3 Rxc3 28. Qb1 Qd5+ 29. Qe4 Rf2+ 0-1

[Event "*** Titled Tuesday Blitz"]
[Site "Chess.com"]
[Date "2020.04.14"]
[Round "2"]
[White "earling8018"]
[Black "The_Machine04"]
[Result "0-1"]
[WhiteElo "2010"]
[BlackElo "2381"]
[TimeControl "180+1"]
[EndTime "10:15:31 PDT"]
[Termination "The_Machine04 won by resignation"]

1. d4 d6 2. Nf3 Nf6 3. g3 g6 4. Bg2 Bg7 5. O-O O-O 6. c4 Nc6 7. Nc3 e5 8. e3 Re8 9. b3 Bf5 10. Bb2 e4 11. Nd2 h5 12. h4 Nb8 13. Nd5 Nbd7 14.
Nf4 Nf8 15. d5 N8d7 16. Rc1 Ne5 17. Bxe5 Rxe5 18. Qc2 a5 19. c5 Nxd5 20. Nxd5 Rxd5 21. cxd6 cxd6 22. Nxe4 Re5 23. f4 Re8 24. Rfd1 Qe7 25.
Qc7 Bxe4 26. Qxe7 Rxe7 27. Bxe4 Rxe4 0-1

[Event "*** Titled Tuesday Blitz"]
[Site "Chess.com"]
[Date "2020.04.14"]
[Round "2"]
[White "MathiasWomacka"]
[Black "julinha97"]
[Result "1-0"]
[WhiteElo "2427"]
[BlackElo "2158"]
[TimeControl "180+1"]
[EndTime "10:15:32 PDT"]
[Termination "MathiasWomacka won by resignation"]

1. e4 c5 2. Nf3 d6 3. d4 cxd4 4. Nxd4 Nf6 5. Nc3 Nc6 6. Be2 e5 7. Nf3 Be7 8. O-O Be6 9. h3 d5 10. Bb5 d4 11. Ne2 Qc7 12. Ng3 O-O 13. Ng5 Bd7 14.
f4 h6 15. fxe5 Qxe5 16. Bxc6 Bxc6 17. Bf4 Qc5 18. Nf3 d3+ 19. Rf2 dxc2 20. Qxc2 Qxc2 21. Rxc2 Nxe4 22. Nf5 Bf6 23. Ne5 Bd5 24. Nd7 Rfc8 25. Rxc8+ Rxc8 26. Nxf6+ Nxf6 27. Ne7+ 1-0

[Event "*** Titled Tuesday Blitz"]
[Site "Chess.com"]
[Date "2020.04.14"]
[Round "2"]
[White "kreonx"]
[Black "Rokis13"]
[Result "1-0"]
[WhiteElo "2247"]
[BlackElo "2469"]
[TimeControl "180+1"]
[EndTime "10:15:35 PDT"]
[Termination "kreonx won by resignation"]

1. e4 e5 2. Nc3 Nc6 3. g3 Nge7 4. Bg2 Ng6 5. Nge2 Bc5 6. O-O O-O 7. Nd5 a6 8. c3 d6 9. d4 exd4 10. cxd4 Ba7 11.
Be3 Nce7 12. Rc1 c6 13. Nxe7+ Qxe7 14. Qd2 Re8 15. Rfe1 h6 16. Nc3 Bd7 17. h3 Qf6 18. Kh2 Nf8 19. f4 Ne6 20. d5 Bxe3 21. Rxe3 Nd4 22.
e5 dxe5 23. fxe5 Rxe5 24. Qxd4 Rxe3 25. Qxe3 Re8 26. Qf4 Qxf4 27. gxf4 cxd5 28. Nxd5 Re2 29. Rc7 Be6 30. Ne7+ Kh7 31. Rxb7 Bxa2 32. Kg3 Be6 33. Rb6 a5 34. Nc6 a4 35. Nd4 Re3+ 36. Kf2 1-0

[Event "*** Titled Tuesday Blitz"]
[Site "Chess.com"]
[Date "2020.04.14"]
[Round "2"]
[White "Borsuk_Konstantin"]
[Black "jefferyx"]
[Result "0-1"]
[WhiteElo "2488"]
[BlackElo "2874"]
[TimeControl "180+1"]
[EndTime "10:15:37 PDT"]
[Termination "jefferyx won by resignation"]

1. d4 Nf6 2. c4 e6 3. Nc3 Bb4 4. Qc2 O-O 5. a3 Bxc3+ 6. Qxc3 d6 7. Bg5 Nbd7 8. f3 b6 9. Nh3 c5 10. e3 Ba6 11. b4 Rc8 12. dxc5 bxc5 13. b5 Bb7 14. a4 h6 15. Bh4 d5 16. Bf2 e5 17.
a5 d4 18. Qb2 e4 19. f4 Ng4 20.
Be2 Nxf2 21. Nxf2 Nf6 22. O-O dxe3 23. Nd1 Qd2 24. Ra3 Rcd8 25. Rxe3 Qxa5 26. Nc3 Rd4 27. Ra1 Qb6 28. Qa3 Qd6 29. g3 Rd2 30. Nb1 Rxe2 31. Rxe2 Qd1+ 0-1

[Event "*** Titled Tuesday Blitz"]
[Site "Chess.com"]
[Date "2020.04.14"]
[Round "2"]
[White "Chesswizard_2007"]
[Black "Khamrakulov_Djurabek"]
[Result "0-1"]
[WhiteElo "2602"]
[BlackElo "2907"]
[TimeControl "180+1"]
[EndTime "10:15:39 PDT"]
[Termination "Khamrakulov_Djurabek won by checkmate"]

1. d4 Nf6 2. c4 e6 3. Nf3 c5 4. d5 b5 5. e4 Nxe4 6. Bd3 Nf6 7. O-O bxc4 8. Bxc4 Ba6 9. Bxa6 Nxa6 10. Nc3 Qc8 11.
Re1 Be7 12. Ne5 O-O 13. d6 Bd8 14. Qf3 Nb4 15. Qd1 Rb8 16. a3 Nbd5 17. Nxd5 Nxd5 18.
Qa4 Rb7 19. Qg4 f5 20. Qf3 Bf6 21. Nc4 Qb8 22. Rd1 Bd4 23. Bf4 Rb3 24. Be3 f4 25. Na5 fxe3 26. Qg4 exf2+ 27. Kh1 Rxb2 28. Nc4 Rc2 29. Na5 Bxa1 30. Rf1 Ne3 31. h3 Nxg4 32. g3 Qa8+ 33. Nc6 Qxc6# 0-1

[Event "*** Titled Tuesday Blitz"]
[Site "Chess.com"]
[Date "2020.04.14"]
[Round "2"]
[White "MusicCityMaster"]
[Black "vugarrasulov"]
[Result "0-1"]
[WhiteElo "2338"]
[BlackElo "2740"]
[TimeControl "180+1"]
[EndTime "10:15:40 PDT"]
[Termination "vugarrasulov won by resignation"]

1. d4 Nf6 2. Bf4 g6 3. Nc3 Bg7 4. Qd2 d6 5. h4 h5 6. Nh3 Bxh3 7. Rxh3 c6 8. e4 b5 9. Bd3 O-O 10. O-O-O Nbd7 11. e5 b4 12. Ne2 dxe5 13. dxe5 Nd5 14. e6 fxe6 15. Bxg6 Qa5 16. Kb1 Nc5 17. Rg3 Rxf4 18.
Nxf4 Nc3+ 19. bxc3 bxc3 20. Bh7+ Kh8 21. Ng6+ Kxh7 22.
Nf8+ Bxf8 23. Rxc3 Rb8+ 24. Kc1 Bh6 0-1

[Event "*** Titled Tuesday Blitz"]
[Site "Chess.com"]
[Date "2020.04.14"]
[Round "2"]
[White "WiktoriaPOL"]
[Black "Jeffinho023"]
[Result "0-1"]
[WhiteElo "2126"]
[BlackElo "2413"]
[TimeControl "180+1"]
[EndTime "10:15:42 PDT"]
[Termination "Jeffinho023 won by resignation"]

1. e4 c6 2. d4 d5 3. Nc3 dxe4 4.
Nxe4 Bf5 5. Ng3 Bg6 6. h4 h6 7.
Nf3 Nd7 8. h5 Bh7 9. Bd3 Bxd3 10. Qxd3 e6 11. Bd2 Ngf6 12. O-O-O Be7 13. Ne4 Nxe4 14.
Qxe4 Bf6 15. Be3 Nb6 16. Qd3 Qd5 17. b3 O-O-O 18. c4 Qa5 19. Kb1 c5 20. Qd2 Qa3 21.
Qb2 Qxb2+ 22. Kxb2 cxd4 23. Bxd4 Rxd4 24. Nxd4 Rd8 25. Kc3 Nd7 26. Kc2 a6 27. Nf3 Re8 28.
Rd6 Nc5 29. Rhd1 Ne4 30. Rb6 Nxf2 31. Rd2 Ne4 32. Re2 Ng3 33. Rd2 Nxh5 34. g4 Ng3 35. c5 Ne4 36. Rd1 Nxc5 37. b4 0-1

[Event "*** Titled Tuesday Blitz"]
[Site "Chess.com"]
[Date "2020.04.14"]
[Round "2"]
[White "biesiadnik"]
[Black "TigrVShlyape"]
[Result "1/2-1/2"]
[WhiteElo "2585"]
[BlackElo "2854"]
[TimeControl "180+1"]
[EndTime "10:15:43 PDT"]
[Termination "Game drawn by agreement"]

1. e4 c5 2. Nf3 e6 3. c3 d5 4. exd5 exd5 5. d4 c4 6. b3 cxb3 7. axb3 Bd6 8. Bd3 Ne7 9. O-O Nbc6 10. Ba3 O-O 11. Bxd6 Qxd6 12. Na3 Bf5 13. Nc2 a6 14.
Re1 Rfe8 15. Re2 Bxd3 16. Qxd3 Ng6 17. Rae1 Rxe2 18. Qxe2 Qd7 19. g3 Rc8 20. h4 h6 21.
Ne3 Nge7 22. Qd3 Rd8 23. Kg2 Qc8 24. Ne5 Nxe5 25. dxe5 Qd7 26. Nc2 Nc6 27. Nd4 Nxd4 28.
cxd4 Rc8 29. Qe3 Qf5 30. e6 fxe6 31. Qxe6+ Qxe6 32. Rxe6 Rc3 33. Rb6 Rd3 34. Rxb7 Rxd4 35. Ra7 1/2-1/2

[Event "*** Titled Tuesday Blitz"]
[Site "Chess.com"]
[Date "2020.04.14"]
[Round "2"]
[White "MisaPap"]
[Black "ntmh281"]
[Result "1-0"]
[WhiteElo "2657"]
[BlackElo "2305"]
[TimeControl "180+1"]
[EndTime "10:15:43 PDT"]
[Termination "MisaPap won by checkmate"]

1. e4 e6 2. d4 d5 3. e5 c5 4. c3 Nc6 5. Nf3 Qb6 6. Bd3 cxd4 7.
cxd4 Nh6 8. O-O Nf5 9. Bxf5 exf5 10. Nc3 Be6 11. Ne2 Be7 12. h4 O-O 13. Bg5 f6 14. exf6 Bxf6 15. Nf4 Rae8 16. Bxf6 Rxf6 17. Re1 h6 18. Nxd5 Bxd5 19. Rxe8+ Kh7 20. b3 Rg6 21. Qd3 Bxf3 22. Qxf3 Qxd4 23. Rae1 Qf6 24. Qd5 Rg4 25. h5 Re4 26. Qg8# 1-0

[Event "*** Titled Tuesday Blitz"]
[Site "Chess.com"]
[Date "2020.04.14"]
[Round "2"]
[White "Enriquack"]
[Black "stefan_95"]
[Result "0-1"]
[WhiteElo "2290"]
[BlackElo "2563"]
[TimeControl "180+1"]
[EndTime "10:15:43 PDT"]
[Termination "stefan_95 won by resignation"]

1. e4 c5 2. Nf3 d6 3. d4 cxd4 4.
Nxd4 Nf6 5. Nc3 g6 6. Be3 Bg7 7. f3 O-O 8. Qd2 Nc6 9. O-O-O Bd7 10. Kb1 Ne5 11. g4 Rc8 12. h4 Qa5 13. Nb3 Qc7 14. Be2 b5 15. g5 b4 16. Nd5 Nxd5 17. exd5 Nc4 18. Bxc4 Qxc4 19. h5 Bf5 20. Rc1 a5 21. Nxa5 Qa6 22. Nc6 Ra8 23. Nxb4 Qa4 24. Bd4 Rfb8 25. a3 Qb3 26. Bxg7 Rxa3 27. Qc3 Rxb4 28. Qc8+ Bxc8 29. cxb3 Bf5+ 30. Rc2 Raxb3 31. Bc3 Rf4 32. hxg6 fxg6 33. Kc1 Bxc2 34. Kxc2 Rb5 35. Re1 Kf7 0-1